cohdb
Replays
Latest Replays
All Replays
Popular Replays
Top Player Replays
Match Explorer
How It Works
Community
CoH3 Stats
Reddit
Sign in to upload your games and track your stats! →
Sign in with Steam
Match 44365956
Unlisted
Match 44365956
Overview
Messages
Build Orders
End
Kradschützen Motorcycle Team
Panzerpioneer Squad
Selects Battlefield Espionage Battlegroup
Panzerpioneer Squad
Panzerpioneer Squad
Panzerpioneer Squad
Construct Light Support Kompanie
Panzerjäger Squad
2.5-tonne Medical Truck
Selects Intel Disruption Beacon
Fire Support Elements
MG34 Team
Selects 250/3 Funkpanzerwagen
TheGreatone
Majestic
Gwangju's Hero Chun Doo-gwang
INTEL
0
0
Comments
sign in to comment!
No comments posted yet!